 Dungeon Crawl Stone Soup version 0.23-a0-54-gae6112e33f (webtiles) character file.

1521155 Htamos the Hoplite (level 27, 175/175 HPs)
             Began as a Gargoyle Fighter on Aug 7, 2018.
             Was an Initiate of Gozag.
             Escaped with the Orb
             ... and 3 runes on Aug 8, 2018!
             The game lasted 04:26:53 (96020 turns).

Htamos the Hoplite (Gargoyle Fighter)              Turns: 96020, Time: 04:26:53

Health: 175/175    AC: 63    Str: 34    XL:     27
Magic:  19/23      EV: 13    Int: 13    God:    Gozag
Gold:   4384       SH: 32    Dex:  8    Spells: 26/26 levels left

rFire    + + .     SeeInvis +   a - +9 eveningstar (elec)
rCold    + . .     Gourm    .   R - +4 large shield
rNeg     + + .     Faith    .   n - +10 plate armour {MR+}
rPois    ∞         Spirit   .   H - +2 helmet {SInv}
rElec    +         Reflect  .   t - +1 cloak
rCorr    .         Harm     .   (no gloves)
MR       +++++     Clarity  +   k - +0 pair of boots
Stlth    ..........             S - amulet of the Four Winds {rN+ MR+++ Clar}
HPRegen  0.39/turn              I - ring of Yditt {rF+ rC+ MR+ Stlth+}
MPRegen  0.18/turn              D - ring of the Cast Vote {rElec rF+ Str+5 Dex+3}

@: no status effects
A: big wings, icy blue scales 1, berserk 1, clumsy 2, deterioration 1, frail 1,
negative energy resistance 1, electricity resistance, inhibited regeneration,
unbreathing, petrification resistance, rot immunity, subdued magic 1, MP-powered
wands, AC +20
0: Orb of Zot
}: 3/15 runes: decaying, silver, gossamer
a: Fly, Potion Petition, Call Merchant, Bribe Branch, Renounce Religion


You escaped.
You worshipped Gozag.
Gozag was most pleased with you.
You were very full.

You visited 10 branches of the dungeon, and saw 52 of its levels.
You visited 1 bazaar.
You also visited: Trove and Ice Cave.

You collected 31424 gold pieces.
You spent 12596 gold pieces at shops.
You paid 14444 gold pieces to Gozag.

Inventory:

Hand Weapons
 a - a +9 eveningstar of electrocution (weapon)
 b - the +8 whip "Snakebite" {curare, rPois}
   (You bought it in a shop on level 15 of the Dungeon)

   It poisons the flesh of those it strikes.
   It protects you from poison.
 c - a +8 great mace of flaming
 o - the +4 flail "Hydrabane" {holy, rF+ MR- Str+2}
   (You found it on level 2 of the Vaults)

   It has been blessed by the Shining One to cause great damage to the undead
   and demons.
   It affects your strength (+2).
   It protects you from fire.
   It affects your resistance to hostile enchantments.
 J - the +11 flail "Fapaz" {crush, *Corrode +Fly rElec}
   (You found it on level 10 of the Dungeon)

   It inflicts extra damage upon your enemies.
   It insulates you from electricity.
   It lets you fly.
   It may corrode you when you take damage.
Missiles
 X - 5 throwing nets (quivered)
Armour
 k - a +0 pair of boots (worn)
 n - a +10 plate armour of magic resistance (worn)
 t - a +1 cloak (worn)
 H - a +2 helmet of see invisible (worn)
 R - a +4 large shield (worn)
Jewellery
 j - an uncursed ring of protection from fire
 l - the amulet of Daisies {Faith rF+ Dex+2 Stlth+}
   (You took it off Sojobo on level 5 of the Vaults)

   [amulet of faith]

   It allows you to gain divine favour quickly.
   It affects your dexterity (+2).
   It protects you from fire.
   It makes you more stealthy.
 m - the ring of Siankuja {*Contam +Fly rPois rF+ SInv}
   (You took it off an ironbrand convoker on level 5 of the Vaults)

   [ring of protection from fire]

   It protects you from fire.
   It protects you from poison.
   It lets you see invisible.
   It lets you fly.
   It causes magical contamination when unequipped.
 q - an uncursed amulet of guardian spirit
 r - the amulet of Atecarel {+Rage rElec Str+4 Int-5}
   (You took it off a deep elf sorcerer on level 3 of the Elven Halls)

   [amulet of rage]

   It affects your strength (+4).
   It affects your intelligence (-5).
   It insulates you from electricity.
   It lets you go berserk.
 D - the ring of the Cast Vote (right hand) {rElec rF+ Str+5 Dex+3}
   (You took it off a deep elf demonologist on level 3 of the Elven Halls)

   [ring of protection from fire]

   It affects your strength (+5).
   It affects your dexterity (+3).
   It protects you from fire.
   It insulates you from electricity.
 G - an uncursed ring of resist corrosion
 I - the ring of Yditt (left hand) {rF+ rC+ MR+ Stlth+}
   (You took it off a vault sentinel on level 5 of the Vaults)

   [ring of stealth]

   It protects you from fire.
   It protects you from cold.
   It affects your resistance to hostile enchantments.
   It makes you more stealthy.
 N - the ring "Onwem" {rElec rPois Str+4 Int+2}
   (You found it in a treasure trove)

   [ring of intelligence]

   It affects your strength (+4).
   It affects your intelligence (+2).
   It insulates you from electricity.
   It protects you from poison.
 P - an uncursed ring of protection from cold
 S - the amulet of the Four Winds (around neck) {rN+ MR+++ Clar}
   (You bought it in a shop on level 1 of the Vaults)

   [amulet of nothing]

   It protects you from negative energy.
   It affects your resistance to hostile enchantments.
   It protects you against confusion.
 U - the ring "Vohoo" {rElec MR+ Int+7 Dex+3}
   (You bought it in a shop on level 1 of the Vaults)

   [ring of dexterity]

   It affects your intelligence (+7).
   It affects your dexterity (+3).
   It insulates you from electricity.
   It affects your resistance to hostile enchantments.
Wands
 y - a wand of digging (41)
 B - a wand of flame (232)
 F - a wand of scattershot (8)
 M - a wand of polymorph (15)
 V - a wand of iceblast (16)
Scrolls
 e - 22 scrolls of remove curse
 g - 7 scrolls of blinking
 h - 6 scrolls of magic mapping
 i - 20 scrolls of teleportation
 s - a scroll of silence
 v - a scroll of identify
 x - 6 scrolls of fog
 A - 18 scrolls of amnesia
 O - 4 scrolls of holy word
 W - 6 scrolls of vulnerability
 Z - 5 scrolls of fear
Potions
 d - 4 potions of magic
 p - 9 potions of curing
 u - 4 potions of cancellation
 w - 2 potions of might
 C - a potion of invisibility
 E - 2 potions of mutation
 K - 4 potions of heal wounds
 L - 3 potions of ambrosia
 Q - 2 potions of brilliance
 T - 2 potions of haste
Miscellaneous
 z - a phantom mirror
 Y - a lamp of fire
Comestibles
 f - 31 rations


   Skills:
 + Level 25.7 Fighting
 + Level 25.7 Maces & Flails
 + Level 24.4 Armour
 - Level 10.3 Dodging
 * Level 26.7 Shields


You had 26 spell levels left.
You didn't know any spells.
Your spell library contained the following spells:

 Spells                   Type           Power        Failure   Level  Hunger
 Cause Fear               Hex            #.........   100%        4    #####..
 Magic Dart               Conj           #...         61%         1    ##.....
 Fireball                 Conj/Fire      #.........   100%        5    ######.
 Apportation              Tloc           #.....       61%         1    ##.....
 Conjure Flame            Conj/Fire      #.......     93%         3    ####...
 Bolt of Fire             Conj/Fire      #.........   100%        6    #######
 Bolt of Cold             Conj/Ice       #.........   100%        6    #######
 Bolt of Magma            Conj/Fire/Erth #.........   100%        5    ######.
 Slow                     Hex            #.......     75%         2    ###....
 Confuse                  Hex            #.......     93%         3    ####...
 Invisibility             Hex            #.......     100%        6    #######
 Throw Flame              Conj/Fire      #.....       75%         2    ###....
 Throw Frost              Conj/Ice       #.....       75%         2    ###....
 Freezing Cloud           Conj/Ice/Air   #.........   100%        6    #######
 Mephitic Cloud           Conj/Pois/Air  #.......     93%         3    ####...
 Ring of Flames           Chrm/Fire      #.........   100%        7    #######
 Venom Bolt               Conj/Pois      #.........   100%        5    ######.
 Olgreb's Toxic Radiance  Pois           #.......     100%        4    #####..
 Death's Door             Chrm/Necr      #.........   100%        8    #######
 Summon Small Mammal      Summ           #...         61%         1    ##.....
 Lehudib's Crystal Spear  Conj/Erth      #.........   100%        8    #######
 Fire Storm               Conj/Fire      #.........   100%        9    #######
 Blink                    Tloc           N/A          75%         2    ###....
 Haunt                    Necr/Summ      #.........   100%        7    #######
 Borgnjor's Revivificati  Necr           #.........   100%        8    #######
 Freeze                   Ice            #...         61%         1    ##.....
 Ozocubu's Refrigeration  Ice            #.........   100%        6    #######
 Sticky Flame             Conj/Fire      #.......     100%        4    #####..
 Summon Ice Beast         Ice/Summ       #.......     100%        4    #####..
 Ozocubu's Armour         Chrm/Ice       #.......     93%         3    ####...
 Call Imp                 Summ           #.......     75%         2    ###....
 Poison Arrow             Conj/Pois      #.........   100%        6    #######
 Regeneration             Chrm/Necr      #.........   93%         3    ####...
 Sting                    Conj/Pois      #...         61%         1    ##.....
 Tukima's Dance           Hex            #.......     93%         3    ####...
 Summon Demon             Summ           #.........   100%        5    ######.
 Corpse Rot               Necr           N/A          75%         2    ###....
 Stone Arrow              Conj/Erth      #.....       93%         3    ####...
 Recall                   Summ/Tloc      N/A          93%         3    ####...
 Ice Form                 Ice/Tmut       #.......     100%        4    #####..
 Dragon Form              Tmut           #.........   100%        7    #######
 Necromutation            Tmut/Necr      #.........   100%        8    #######
 Deflect Missiles         Chrm/Air       #.........   100%        6    #######
 Throw Icicle             Conj/Ice       #.......     100%        4    #####..
 Glaciate                 Conj/Ice       #.........   100%        9    #######
 Shadow Creatures         Summ           N/A          100%        6    #######
 Confusing Touch          Hex            #.....       61%         1    ##.....
 Flame Tongue             Conj/Fire      #....        61%         1    ##.....
 Ignite Poison            Fire/Tmut/Pois #.......     93%         3    ####...
 Call Canine Familiar     Summ           #.......     93%         3    ####...
 Ensorcelled Hibernation  Hex/Ice        #.....       75%         2    ###....
 Metabolic Englaciation   Hex/Ice        #.........   100%        5    ######.
 Summon Butterflies       Summ           #.......     61%         1    ##.....
 Silence                  Hex/Air        #.........   100%        5    ######.
 Corona                   Hex            #......      61%         1    ##.....
 Alistair's Intoxication  Tmut/Pois      #.......     100%        5    ######.
 Simulacrum               Ice/Necr       #.........   100%        6    #######
 Conjure Ball Lightning   Conj/Air       #.........   100%        6    #######
 Chain Lightning          Conj/Air       #.........   100%        8    #######
 Portal Projectile        Hex/Tloc       #.....       93%         3    ####...
 Petrify                  Tmut/Erth      #.......     100%        4    #####..
 Tornado                  Air            #.........   100%        9    #######
 Leda's Liquefaction      Hex/Erth       #.........   100%        4    #####..
 Summon Hydra             Summ           #.........   100%        7    #######
 Darkness                 Hex            #.........   100%        6    #######
 Shroud of Golubria       Chrm/Tloc      #.........   75%         2    ###....
 Inner Flame              Hex/Fire       #.......     93%         3    ####...
 Aura of Abjuration       Summ           #.........   100%        5    ######.
 Infusion                 Chrm           #...         61%         1    ##.....
 Song of Slaying          Chrm           #.......     75%         2    ###....
 Spectral Weapon          Hex/Chrm       #.......     93%         3    ####...
 Discord                  Hex            #.........   100%        8    #######
 Summon Forest            Summ/Tloc      #.........   100%        5    ######.
 Summon Lightning Spire   Summ/Air       #.......     100%        4    #####..
 Summon Guardian Golem    Hex/Summ       #.......     93%         3    ####...
 Dragon's Call            Summ           #.........   100%        9    #######
 Summon Mana Viper        Hex/Summ       #.......     100%        5    ######.
 Hydra Form               Tmut           #.........   100%        6    #######
 Gell's Gravitas          Tloc           #.........   93%         3    ####...
 Yara's Violent Unravell  Hex/Tmut       #.........   100%        5    ######.
 Infestation              Necr           #.........   100%        8    #######
 Lesser Beckoning         Tloc           #.........   93%         3    ####...
 Poisonous Vapours        Pois/Air       #.....       75%         2    ###....
 Ignition                 Fire           #.........   100%        8    #######
 Borgnjor's Vile Clutch   Necr/Erth      #.........   100%        5    ######.


Dungeon Overview and Level Annotations

Branches:
Dungeon (15/15)            Temple (0/1) D:4            Lair (6/6) D:11
  Swamp (4/4) Lair:3       Spider (4/4) Lair:4        Slime (0/5) Lair:6
    Orc (2/2) D:9             Elf (3/3) Orc:2        Vaults (5/5) D:14
  Crypt (3/3) Vaults:2       Tomb (0/3) Crypt:3      Depths (5/5) D:15
    Zot (5/5) Depths:5

Altars:
Ashenzari
Fedhas
Gozag
Kikubaaqudgha
Nemelex Xobeh
Okawaru
Qazlal
Ru
Sif Muna
Trog
Uskayaw
Vehumet
Xom
Beogh
Jiyva

Shops:
D:4 *   D:6 ?   D:9 }   D:10 *   D:13 [*   D:14 ?   D:15 (   Orc:2 *:[(
Elf:1 :   Lair:4 *([?   Vaults:1 !*=   Vaults:4 ??   Zot:1 *[   Zot:3 =
Depths:2 ?

Portals:
Hell: Depths:1 Depths:2 Depths:3 Depths:4 Depths:5
Abyss: Depths:1 Depths:3 Depths:4 Depths:5
Pandemonium: Depths:1 Depths:3
Ziggurat: Depths:3

Annotations:
D:1 exclusion: downstairs
D:3 exclusion: downstairs
D:14 exclusion: downstairs
Lair:1 exclusions: downstairs and 2 oklob plants
Swamp:1 2 transporters
Swamp:4 Lernaean hydra
Elf:1 exclusion: 2 downstairs
Elf:2 3 runed doors
Vaults:3 6 runed doors


Innate Abilities, Weirdness & Mutations

You are resistant to torment.
Your stone body is resilient. (AC +20)
You are immune to poison.
Your large and strong wings let you fly indefinitely.
You resist negative energy. (rN+)
You are resistant to electric shocks. (rElec)
You can survive without breathing.
You are immune to petrification.
You are immune to rotting.
You are partially covered in icy blue scales. (AC +2)
You tend to lose your temper in combat.
You are very clumsy. (Dex -4)
Your body sometimes deteriorates upon taking damage.
You are frail. (-10% HP)
You do not regenerate when monsters are visible.
Your spells are a little easier to cast, but a little less powerful.
You expend magic power (3 MP) to strengthen your wands.


Message History

There is a stone staircase leading down here.
There is a stone staircase leading up here.
You climb upwards.
Level annotation: exclusion: downstairs
There is a stone staircase leading down here.
You see here a dagger.
Evoke which item? (* to show all) (? for menu, Esc to quit)
Aiming: Dig
Press: ? - help, Shift-Dir - straight line You can't see that place. [the floor.]
The rock shatters into small pieces.
You feel a surge of power!
Evoke which item? (* to show all) (? for menu, Esc to quit)
Aiming: Dig
Press: ? - help, Shift-Dir - straight line A rock wall.
This square is covered in magical glow.
The rock shatters into small pieces.
You feel a surge of power!
There is a staircase leading out of the dungeon here.
You have escaped!

......##########.(..)......# #
##.##.#........#.#.#######.######
##.##.#........'.#.# #.......
##.##.#^.......###.# ########
##.)..#........# #.# #
......#........###### #
....#..........#.'..# #
...##.#........#'#..### #
#####.#.........@..'..# # #
#.#######'####...## #### # #.#
#.....'...# ##.## #####.#
#.....#...# ##...# ......#
#.....##### ##..... #######
#.....# #...... ## #.....#
##..... .# ####### ##...#
.###############.# ##..#


There were no monsters in sight!

Vanquished Creatures
  4 ancient liches (Zot:5)
  5 orbs of fire
  Mennas (Crypt:3)
  A juggernaut (Depths:5)
  Sojobo (Vaults:5)
  The ghost of Rodef the Warrior, a veteran GrFi of the Shining One (Crypt:3)
  5 caustic shrikes (Depths:5)
  4 Killer Klowns
  4 curse toes
  Xtahua (Crypt:2)
  The ghost of Vigato the Warrior, an adept MiFi of Okawaru (Vaults:3)
  4 golden dragons
  Jory (Crypt:3)
  12 liches
  24 tentacled monstrosities
  6 electric golems
  26 Orb Guardians
  Asterion (Spider:4)
  2 deep elf blademasters (Elf:3)
  12 titans
  6 quicksilver dragons
  2 deep elf master archers
  11 death cobs
  5 ancient champions
  5 draconian monks
  4 sphinxes
  The ghost of Otuihi the Executioner, an adept MiBe of Trog (Spider:2)
  4 thorn hunters
  4 revenants
  21 storm dragons
  9 fire giants
  10 shadow dragons
  The ghost of kaisn the Severer, a journeyman HOFi of Cheibriados (Orc:2)
  9 tengu reavers
  14 deep elf sorcerers
  21 vault wardens
  10 ghost moths
  10 frost giants
  4 iron dragons
  3 draconian scorchers
  4 curse skulls
  2 orc warlords
  Louise (Swamp:1)
  9 draconian knights
  14 ghouls
  5 deep elf elementalists
  4 emperor scorpions (Spider:4)
  10 draconian stormcallers
  16 ironheart preservers
  6 draconian annihilators
  5 draconian shifters
  2 war gargoyles
  22 very ugly things
  A reaper (Crypt:3)
  3 entropy weavers
  3 vampire knights
  Nessos (D:12)
  16 stone giants
  19 green draconians
  2 dire elephants (Depths:2)
  10 deep elf demonologists
  8 deep elf annihilators
  12 black draconians
  4 purple draconians
  11 red draconians
  13 white draconians
  9 yellow draconians
  8 spark wasps
  15 ettins
  Snorg (D:11)
  6 eidola
  10 deep elf death magi
  55 slime creatures
  14 jiangshi
  2 quicksilver dragon zombies
  10 ice dragons
  A crystal guardian (Vaults:3)
  2 merfolk impalers
  2 great orbs of eyes
  15 yaktaur captains
  8 deep elf high priests
  10 fire dragons
  12 hydras
  Fannar (D:11)
  A ghost crab (Swamp:2)
  2 spriggan air magi
  30 vault guards
  A naga warrior (Orc:2)
  4 rakshasas
  4 death knights
  11 alligators
  4 catoblepae (Lair:6)
  14 centaur warriors
  12 ogre magi
  37 two-headed ogres
  An alligator (shapeshifter) (Vaults:5)
  8 tengu warriors
  18 death yaks
  7 vampire magi
  6 deep troll shamans
  3 orc high priests
  9 deep troll earth magi
  4 spriggan berserkers
  Urug (Lair:6)
  12 deep elf knights
  2 storm dragon zombies
  A titan skeleton (Crypt:3)
  2 hell knights (Depths:3)
  Nergalle (D:11)
  6 shadow wraiths
  24 skeletal warriors
  3 soul eaters
  A titan zombie (Crypt:1)
  4 iron trolls
  4 flayed ghosts
  2 shadow demons (Depths:1)
  2 shambling mangroves
  3 glowing orange brains
  26 deep trolls
  7 swamp dragons
  11 unseen horrors
  2 harpies
  A deep troll (shapeshifter) (Vaults:2)
  20 deep elf archers
  13 orc knights
  5 wizards
  An iron giant skeleton (Crypt:2)
  8 necromancers
  20 ironbrand convokers
  16 phantasmal warriors
  13 orb spiders
  58 deep elf magi
  A shadow dragon zombie (Crypt:2)
  39 ugly things
  A wolf spider zombie (Crypt:1)
  2 sphinx zombies
  2 orc sorcerers (Orc:2)
  27 wolf spiders
  A salamander (Depths:3)
  7 cyclopes
  A shadow dragon skeleton (Crypt:2)
  2 tengu skeletons
  3 manticores
  22 moths of wrath
  2 manticores (shapeshifter)
  2 sphinx skeletons
  A black mamba (shapeshifter) (Depths:2)
  2 frost giant skeletons
  2 stone giant skeletons
  A dire elephant zombie (Crypt:1)
  A salamander (shapeshifter) (Elf:2)
  A rust devil (D:13)
  2 black mambas
  An ice statue (IceCv)
  2 fire giant skeletons
  14 vault sentinels
  Maurice (Orc:1)
  Psyche (D:11)
  4 torpor snails
  A torpor snail (shapeshifter) (Vaults:5)
  15 spiny frogs
  16 komodo dragons
  A purple draconian zombie (Crypt:2)
  50 yaktaurs
  5 centaur skeletons
  An emperor scorpion zombie (Crypt:1)
  3 kobold demonologists
  3 rime drakes
  9 freezing wraiths
  2 ice devils (Lair:4)
  15 demonic crawlers
  4 guardian mummies
  An anaconda simulacrum (Crypt:3)
  A sea snake skeleton (Crypt:1)
  43 jumping spiders
  2 yaktaur skeletons (Vaults:2)
  5 trolls
  13 polar bears (IceCv)
  A jumping spider (shapeshifter) (Vaults:4)
  A human skeleton (Vaults:4)
  6 tengu conjurers
  A harpy zombie (Crypt:2)
  2 polar bears (shapeshifter)
  15 tyrant leeches
  25 hornets
  A hydra skeleton (Crypt:1)
  2 dream sheep (D:13)
  3 blink frogs (Lair:3)
  A blink frog (shapeshifter) (Vaults:4)
  5 hippogriffs
  A snapping turtle (shapeshifter) (Vaults:3)
  A raiju (shapeshifter) (D:15)
  10 bog bodies
  2 dream sheep (shapeshifter)
  An ettin zombie (Crypt:1)
  A harpy skeleton (Crypt:2)
  A fire dragon skeleton (Crypt:2)
  3 flying skulls (Crypt:3)
  A frost giant simulacrum (Vaults:2)
  A shadow (Crypt:3)
  4 small abominations (Depths:3)
  A black mamba zombie (Crypt:1)
  71 redbacks
  A wyvern (Lair:6)
  A centaur simulacrum (D:13)
  4 air elementals
  31 tarantellas
  10 water elementals
  10 wraiths
  17 humans (D:14)
  61 yaks
  9 spriggans
  2 tarantellas (shapeshifter)
  A ynoxinul (D:3)
  7 basilisks
  A wind drake zombie (Crypt:2)
  3 fire elementals
  3 golden eyes (shapeshifter)
  6 vampire mosquitoes
  A chaos spawn (Depths:3)
  Grum (D:8)
  2 hungry ghosts
  A wind drake skeleton (Crypt:2)
  11 wargs
  19 swamp worms
  A deep troll zombie (Vaults:4)
  An acid dragon (Vaults:1)
  3 large abominations (Depths:3)
  24 insubstantial wisps
  12 water moccasins
  A torturous demonspawn skeleton (Crypt:1)
  8 porcupines
  35 orc warriors
  6 sky beasts
  A fire dragon simulacrum (Crypt:1)
  A black bear (D:7)
  6 ice beasts
  A hornet zombie (D:6)
  A sky beast (shapeshifter) (Depths:3)
  9 swamp drakes
  A black mamba simulacrum (Crypt:2)
  13 boggarts
  An ettin simulacrum (Crypt:1)
  An eye of draining (D:13)
  8 necrophages
  2 phantoms (D:11)
  A swamp dragon zombie (Crypt:1)
  40 ogres
  24 centaurs
  A lindwurm zombie (Crypt:3)
  20 wolves
  2 snapping turtle skeletons
  10 crocodiles
  A centaur (shapeshifter) (D:13)
  4 big kobolds
  A big kobold (shapeshifter) (Depths:3)
  A salamander zombie (Crypt:3)
  A wyvern zombie (D:14)
  18 bullfrogs
  A glowing shapeshifter simulacrum (Vaults:1)
  4 earth elementals
  A wyvern skeleton (D:8)
  3 scorpions
  2 water moccasin skeletons
  14 killer bees
  A yak skeleton (Crypt:3)
  10 wights
  2 electric eels
  2 howler monkeys
  8 crimson imps
  2 centaur zombies
  2 bullfrog zombies
  2 demonspawn zombies
  5 jellies
  20 orc priests
  An iron imp (Depths:3)
  8 hounds
  3 quasits
  31 orc wizards
  A bullfrog skeleton (D:13)
  A gnoll shaman (D:5)
  A black bear skeleton (Crypt:1)
  Ijyb (D:5)
  7 worker ants
  10 iguanas
  A killer bee zombie (D:8)
  A demigod zombie (Crypt:3)
  A big kobold skeleton (Crypt:3)
  2 demigod skeletons (Crypt:1)
  14 mummies
  2 hound skeletons
  3 worker ant zombies
  10 gnolls
  A howler monkey skeleton (D:2)
  12 adders
  3 shadow imps
  2 oozes
  4 adder skeletons
  3 dart slugs
  4 worms
  12 leopard geckos
  76 orcs
  3 ball pythons
  7 bats
  6 giant cockroaches
  12 goblins
  8 hobgoblins
  27 jackals
  19 kobolds
  5 quokkas
  A ball python skeleton (D:5)
  10 frilled lizards
  A frilled lizard skeleton (Crypt:3)
  A kobold skeleton (Crypt:1)
  A leopard gecko zombie (D:4)
  11 rats
  4 briar patches
  A bush (D:3)
  A plant (Lair:3)
2469 creatures vanquished.

Vanquished Creatures (collateral kills)
  A tengu reaver (Vaults:5)
  A vault warden (Vaults:5)
  A vault guard (Vaults:5)
  A deep elf archer (Vaults:5)
  An orb spider (Spider:3)
  A basilisk (Lair:2)
6 creatures vanquished.

Vanquished Creatures (others)
  A fire giant (Zot:1)
  A vault guard (Vaults:5)
  19 dancing weapons
  A necromancer (Vaults:4)
  A phantasmal warrior (Vaults:5)
  A deep elf mage (Elf:1)
  A cyclops (Vaults:1)
  A moth of wrath (Zot:5)
  A tyrant leech (Swamp:4)
  3 hornets (Swamp:2)
  A slime creature (Swamp:1)
  3 spriggans (Swamp:2)
  A human (D:14)
  An orc warrior (Vaults:5)
  A centaur (Vaults:1)
  4 briar patches (Swamp:2)
  A bush (Lair:2)
  10 fungi
  21 plants
73 creatures vanquished.

Grand Total: 2548 creatures vanquished

Notes
Turn   | Place    | Note
-------+----------+-------------------------------------------
     0 | D:1      | Htamos the Gargoyle Fighter began the quest for the Orb.
     0 | D:1      | Reached XP level 1. HP: 14/14 MP: 1/1
   220 | D:1      | Reached XP level 2. HP: 17/19 MP: 2/2
   436 | D:1      | Reached XP level 3. HP: 23/23 MP: 3/3
  1045 | D:2      | Reached XP level 4. HP: 29/29 MP: 4/4
  1556 | D:2      | Reached XP level 5. HP: 25/33 MP: 5/5
  1640 | D:2      | Found a stormy altar of Qazlal.
  1855 | D:3      | Found an opulent altar of Gozag.
  1906 | D:3      | Became a worshipper of Gozag Ym Sagoz the Greedy
  2403 | D:3      | Found a faded altar of an unknown god.
  3026 | D:4      | Reached XP level 6. HP: 37/39 MP: 6/6
  3267 | D:4      | Reached skill level 5 in Maces & Flails
  3343 | D:4      | Found a staircase to the Ecumenical Temple.
  3352 | D:4      | Found Leufoned's General Store.
  3358 | D:4      | Bought a potion of heal wounds for 55 gold pieces
  3358 | D:4      | Bought a +0 dire flail of holy wrath for 101 gold pieces
  3561 | D:4      | Reached skill level 5 in Armour
  3725 | D:4      | Reached skill level 5 in Fighting
  3786 | D:5      | Entered Level 5 of the Dungeon
  3832 | D:5      | Reached XP level 7. HP: 41/44 MP: 7/7
  4004 | D:5      | Noticed Ijyb
  4020 | D:5      | Paralysed by Ijyb for 4 turns
  4027 | D:5      | Killed Ijyb
  4131 | D:5      | Found a hide-covered altar of Uskayaw.
  4345 | D:5      | Reached XP level 8. HP: 48/51 MP: 8/8
  4484 | D:5      | Got a distressingly furry scale mail
  4485 | D:5      | Identified the +2 scale mail of the Nine Allies {rPois rF+} (You found it on level 5 of the Dungeon)
  4642 | D:6      | Found Laje's Magic Scroll Boutique.
  4645 | D:6      | Bought a scroll of acquirement for 572 gold pieces
  4645 | D:6      | Bought a scroll of enchant armour for 82 gold pieces
  4878 | D:6      | Bought a scroll of enchant armour for 82 gold pieces
  4878 | D:6      | Bought a scroll of magic mapping for 38 gold pieces
  5528 | D:6      | Reached XP level 9. HP: 44/56 MP: 9/9
  5611 | D:6      | Reached skill level 1 in Dodging
  6248 | D:7      | Found a bloodstained altar of Trog.
  6248 | D:7      | Found a sparkling altar of Nemelex Xobeh.
  6248 | D:7      | Found a sacrificial altar of Ru.
  6248 | D:7      | Found a blossoming altar of Fedhas.
  6256 | D:7      | Found a deep blue altar of Sif Muna.
  6260 | D:7      | Found a shimmering altar of Xom.
  7688 | D:8      | Reached XP level 10. HP: 64/64 MP: 10/10
  7835 | D:8      | Noticed Grum
  7907 | D:8      | Killed Grum
  8163 | D:8      | Reached skill level 10 in Maces & Flails
  8697 | D:9      | Found a staircase to the Orcish Mines.
  8797 | D:9      | Found an iron altar of Okawaru.
  8859 | D:9      | Found Yhau's Gadget Shoppe.
  8897 | D:9      | Noticed a two-headed ogre
  9788 | D:9      | Found Yhau's Gadget Shoppe.
  9858 | D:9      | Killed a two-headed ogre
  9958 | D:10     | Entered Level 10 of the Dungeon
 10027 | D:10     | Found Lobbymos's General Store.
 10035 | D:10     | Bought a scroll of silence for 127 gold pieces
 10035 | D:10     | Bought a ration for 85 gold pieces
 10122 | D:10     | Reached XP level 11. HP: 60/71 MP: 11/11
 10147 | D:10     | Got a transparent flail
 10148 | D:10     | Identified the +11 flail "Fapaz" {crush, *Corrode +Fly rElec} (You found it on level 10 of the Dungeon)
 10187 | D:10     | Noticed a white ugly thing
 10195 | D:10     | Killed a white ugly thing
 10771 | D:11     | Noticed Nergalle
 10780 | D:11     | Killed Nergalle
 10806 | D:11     | Noticed a two-headed ogre
 10822 | D:11     | Killed a two-headed ogre
 10822 | D:11     | Reached skill level 5 in Dodging
 11046 | D:11     | Noticed a two-headed ogre
 11055 | D:11     | Killed a two-headed ogre
 11064 | D:11     | Noticed a two-headed ogre
 11074 | D:11     | Killed a two-headed ogre
 11074 | D:11     | Reached skill level 10 in Fighting
 11074 | D:11     | Reached skill level 10 in Armour
 11160 | D:11     | Noticed Snorg
 11412 | D:11     | Found a staircase to the Lair.
 11422 | Lair:1   | Entered Level 1 of the Lair of Beasts
 11591 | Lair:1   | Reached XP level 12. HP: 67/77 MP: 12/12
 12607 | Lair:2   | Noticed an eight-headed hydra
 12619 | Lair:2   | Killed an eight-headed hydra
 13047 | Lair:2   | Noticed a four-headed hydra
 13332 | Lair:2   | Killed a four-headed hydra
 13558 | Lair:2   | Noticed an eight-headed hydra
 13566 | Lair:2   | Killed an eight-headed hydra
 14192 | Lair:2   | Reached XP level 13. HP: 84/84 MP: 13/13
 15245 | Lair:3   | Found a hide-covered altar of Uskayaw.
 15291 | Lair:3   | Found a staircase to the Swamp.
 15543 | Lair:4   | Found a frozen archway.
 15582 | IceCv    | Entered an ice cave
 16637 | IceCv    | Noticed a frost giant
 16660 | IceCv    | Killed a frost giant
 16739 | IceCv    | Got a smoking long sword
 16974 | Lair:4   | Identified the +7 long sword of Miruiraf {drain, Fragile Int+6 Dex+7} (You found it in an ice cave)
 17106 | Lair:4   | Found a hole to the Spider Nest.
 17777 | Lair:5   | Gained mutation: Your large and strong wings let you fly indefinitely. [Gargoyle growth]
 17777 | Lair:5   | Reached XP level 14. HP: 90/92 MP: 14/14
 17785 | Lair:5   | Reached skill level 15 in Maces & Flails
 17996 | Lair:5   | Found a hide-covered altar of Uskayaw.
 18371 | Lair:6   | Entered Level 6 of the Lair of Beasts
 19943 | Lair:6   | Noticed Urug
 19963 | Lair:6   | Killed Urug
 20058 | Lair:6   | Found a viscous altar of Jiyva.
 20061 | Lair:6   | Found a staircase to the Slime Pits.
 20421 | Orc:1    | Entered Level 1 of the Orcish Mines
 20581 | Orc:2    | Entered Level 2 of the Orcish Mines
 20608 | Orc:2    | Found a flickering gateway to a bazaar.
 20632 | Bazaar   | Entered a bazaar
 20632 | Bazaar   | Found Mumez's Antique Armour Boutique.
 20638 | Bazaar   | Found Gapluserph's Assorted Antiques.
 20652 | Bazaar   | Found Iwiqairr's Assorted Antiques.
 20658 | Bazaar   | Bought a scroll of magic mapping for 66 gold pieces
 20675 | Bazaar   | Found Deamewi's Gadget Shoppe.
 20679 | Bazaar   | Found Xadeh's General Store.
 20683 | Bazaar   | Bought a wand of digging (19) for 598 gold pieces
 20688 | Bazaar   | Bought a scroll of blinking for 52 gold pieces
 20716 | Bazaar   | Bought a murky white potion for 18 gold pieces
 20716 | Bazaar   | Bought a scroll of identify for 40 gold pieces
 20716 | Bazaar   | Bought an agate ring for 100 gold pieces
 20716 | Bazaar   | Bought a scroll of blinking for 150 gold pieces
 20725 | Bazaar   | Bought a scroll of teleportation for 57 gold pieces
 20725 | Bazaar   | Bought a runed plate armour for 494 gold pieces
 20780 | Bazaar   | Bought a scroll of fog for 14 gold pieces
 20780 | Bazaar   | Bought a scroll of remove curse for 21 gold pieces
 20785 | Bazaar   | Bought a wand of digging (17) for 546 gold pieces
 20977 | Orc:2    | Noticed an orc warlord
 21225 | Orc:1    | Reached XP level 15. HP: 74/98 MP: 15/15
 21646 | Orc:1    | Noticed Maurice
 21655 | Orc:1    | Killed Maurice
 21824 | Orc:1    | Killed an orc warlord
 22387 | Orc:2    | Found a roughly hewn altar of Beogh.
 22436 | Orc:2    | Found Vinida's General Store.
 22460 | Orc:2    | Bought a potion of lignification for 51 gold pieces
 22460 | Orc:2    | Bought a ration for 85 gold pieces
 22460 | Orc:2    | Bought a ration for 85 gold pieces
 22466 | Orc:2    | Bought a potion of ambrosia for 136 gold pieces
 22474 | Orc:2    | Found Sufuut's Antique Armour Shop.
 22482 | Orc:2    | Bought a translucent chain mail for 304 gold pieces
 22493 | Orc:2    | Identified the +4 chain mail of Experimentation {MR+} (You bought it in a shop on level 2 of the Orcish Mines)
 22500 | Orc:2    | Found Igyox's Antique Weapon Shop.
 22516 | Orc:2    | Found Bifall's Book Shop.
 22595 | Orc:2    | Found a staircase to the Elven Halls.
 22859 | Orc:2    | Found a runed gate.
 22859 | Orc:2    | Found a runed gate.
 22859 | Orc:2    | Found an iron altar of Okawaru.
 22859 | Orc:2    | Found a runed gate.
 22859 | Orc:2    | Noticed kaisn's ghost (journeyman HOFi)
 22956 | Orc:2    | Killed kaisn's ghost
 23031 | Orc:2    | Got an ancient leather armour
 23033 | Orc:2    | Identified the +3 leather armour of the Butterfly {rN+ Dex-3 Slay+4} (You found it on level 2 of the Orcish Mines)
 23266 | D:11     | Found a deep blue altar of Sif Muna.
 23267 | D:11     | Noticed Fannar
 23287 | D:11     | Killed Fannar
 23297 | D:11     | Killed Snorg
 23824 | D:11     | Noticed Psyche
 23832 | D:11     | Killed Psyche
 23979 | D:12     | Noticed Nessos
 23994 | D:12     | Killed Nessos
 24748 | D:12     | Found a flickering gateway to a bazaar.
 25456 | D:13     | Found Obed's Armour Shop.
 25460 | D:13     | Bought the +0 pair of gloves "Pasafypu" {rC++} for 522 gold pieces
 26157 | D:13     | Found Qyuc's Sacrilege Store.
 26161 | D:13     | Found an ancient bone altar of Kikubaaqudgha.
 27124 | D:14     | Reached skill level 10 in Dodging
 27226 | D:14     | Reached XP level 16. HP: 85/106 MP: 16/16
 27908 | D:14     | Found a gate to the Vaults.
 27981 | D:14     | Found Xary's Magic Scroll Shoppe.
 28002 | D:14     | Bought a scroll of teleportation for 42 gold pieces
 28002 | D:14     | Bought a scroll of teleportation for 42 gold pieces
 28002 | D:14     | Bought a scroll of enchant armour for 105 gold pieces
 28002 | D:14     | Bought a scroll of vulnerability for 105 gold pieces
 28002 | D:14     | Bought a scroll of magic mapping for 49 gold pieces
 28218 | D:15     | Entered Level 15 of the Dungeon
 28218 | D:15     | Found Qyuhuonist's Weapon Emporium.
 28227 | D:15     | Bought the +8 whip "Snakebite" {curare, rPois} for 813 gold pieces
 28227 | D:15     | Found the +8 whip "Snakebite" {curare, rPois}
 28435 | D:15     | Found a staircase to the Depths.
 29200 | D:15     | Got a steaming ring mail
 29813 | Spider:1 | Entered Level 1 of the Spider Nest
 30535 | Spider:1 | Identified the cursed +0 ring mail of Bedevilment {*Contam Str+4 Slay+3} (You found it on level 15 of the Dungeon)
 30562 | Lair:4   | Bought a pair of smoking gloves for 427 gold pieces
 30572 | Lair:4   | Identified the +1 pair of gloves "Woremuz" {rF+ MR- Dex+2} (You bought it in a shop on level 4 of the Lair of Beasts)
 30584 | Lair:4   | Bought a thin copper amulet for 225 gold pieces
 30588 | Lair:4   | Bought a scroll of identify for 90 gold pieces
 30649 | Swamp:1  | Entered Level 1 of the Swamp
 30650 | Swamp:1  | Noticed a thorn hunter
 30667 | Swamp:1  | Killed a thorn hunter
 31104 | Swamp:1  | Noticed Louise
 31109 | Swamp:1  | Killed Louise
 31175 | Swamp:1  | Found a transporter.
 31592 | Swamp:1  | Found a transporter.
 32024 | Lair:4   | Bought a +1 plate armour of magic resistance for 630 gold pieces
 32326 | Swamp:2  | Noticed a thorn hunter
 32342 | Swamp:2  | Noticed a thorn hunter
 32359 | Swamp:2  | Killed a thorn hunter
 32359 | Swamp:2  | Reached skill level 15 in Armour
 32536 | Swamp:2  | Reached skill level 15 in Fighting
 32576 | Swamp:2  | Killed a thorn hunter
 32576 | Swamp:2  | Reached XP level 17. HP: 86/113 MP: 17/17
 34990 | Swamp:4  | Entered Level 4 of the Swamp
 35508 | Swamp:4  | Noticed the 27-headed Lernaean hydra
 35591 | Swamp:4  | Got a decaying rune of Zot
 35818 | Vaults:1 | Entered Level 1 of the Vaults
 36194 | Vaults:1 | Found Wuilubbo's Jewellery Emporium.
 36203 | Vaults:1 | Bought the amulet of the Four Winds {rN+ MR+++ Clar} for 921 gold pieces
 36203 | Vaults:1 | Found the amulet of the Four Winds {rN+ MR+++ Clar}
 36458 | Elf:1    | Entered Level 1 of the Elven Halls
 38022 | Elf:1    | Reached XP level 18. HP: 117/120 MP: 18/18
 38130 | Elf:1    | Found Liuxt's One-of-a-Kind Books.
 39079 | Elf:2    | Found a runed gate.
 39079 | Elf:2    | Found a runed gate.
 39081 | Elf:2    | Found a runed gate.
 39767 | Elf:3    | Entered Level 3 of the Elven Halls
 39856 | Elf:3    | Noticed a deep elf blademaster
 39866 | Elf:3    | Killed a deep elf blademaster
 39871 | Elf:3    | Reached skill level 4 in Shields
 40855 | Elf:2    | Reached skill level 5 in Shields
 42418 | Elf:3    | Reached skill level 6 in Shields
 42472 | Elf:3    | Found a radiant altar of Vehumet.
 42496 | Elf:3    | Found a radiant altar of Vehumet.
 42920 | Elf:3    | Noticed a deep elf blademaster
 42943 | Elf:3    | Killed a deep elf blademaster
 43045 | Elf:3    | Reached skill level 7 in Shields
 43652 | Elf:3    | Noticed a deep elf master archer
 43812 | Elf:2    | Killed a deep elf master archer
 43812 | Elf:2    | Reached XP level 19. HP: 63/127 MP: 19/19
 44999 | Elf:2    | Noticed an Ice Fiend
 45065 | Elf:3    | Reached skill level 8 in Shields
 45238 | Elf:3    | Gained mutation: You are partially covered in icy blue scales. (AC +2) [a neqoxec]
 45293 | Elf:3    | Got a wavering bone amulet
 45439 | Elf:3    | Noticed a Hell Sentinel
 45508 | Elf:2    | Reached skill level 9 in Shields
 45878 | Elf:3    | Got a transparent steel ring
 45880 | Elf:3    | Got a twitching granite ring
 45881 | Elf:3    | Identified the ring of the Cast Vote {rElec rF+ Str+5 Dex+3} (You took it off a deep elf demonologist on level 3 of the Elven Halls)
 45882 | Elf:3    | Identified the amulet of Atecarel {+Rage rElec Str+4 Int-5} (You took it off a deep elf sorcerer on level 3 of the Elven Halls)
 45883 | Elf:3    | Identified the ring "Bosawida" {Fire rPois} (You took it off a deep elf demonologist on level 3 of the Elven Halls)
 45884 | Elf:3    | Identified the +9 mace of Depsaho {crush, Str+4} (You took it off a deep elf demonologist on level 3 of the Elven Halls)
 46449 | Elf:3    | Got a vibrating golden ring
 47139 | Spider:1 | Identified the ring "Ygrus" {Ice rN+} (You took it off a deep elf master archer on level 3 of the Elven Halls)
 48469 | Spider:2 | Reached skill level 10 in Shields
 48740 | Spider:2 | Found a runed door.
 48741 | Spider:2 | Noticed Otuihi's ghost (adept MiBe)
 50507 | Spider:4 | Entered Level 4 of the Spider Nest
 50555 | Spider:4 | Reached skill level 11 in Shields
 50699 | Spider:4 | Noticed Asterion
 50717 | Spider:4 | Killed Asterion
 50717 | Spider:4 | Reached XP level 20. HP: 134/134 MP: 20/20
 50829 | Spider:4 | Got a dazzling morningstar
 50830 | Spider:4 | Identified the cursed +2 morningstar of Forgiveness {elec, Dex+2} (You found it on level 4 of the Spider Nest)
 51815 | Spider:4 | Reached skill level 12 in Shields
 52030 | Spider:4 | Got a gossamer rune of Zot
 52240 | Spider:2 | Killed Otuihi's ghost
 52333 | Lair:4   | Bought a scroll of teleportation for 63 gold pieces
 52333 | Lair:4   | Bought 3 scrolls of fear for 220 gold pieces
 52333 | Lair:4   | Bought a scroll of silence for 157 gold pieces
 52333 | Lair:4   | Bought a scroll of teleportation for 63 gold pieces
 52333 | Lair:4   | Bought a scroll of holy word for 157 gold pieces
 52548 | Vaults:1 | Bought the ring "Vohoo" {rElec MR+ Int+7 Dex+3} for 1050 gold pieces
 52582 | Vaults:1 | Found a portal to a secret trove of treasure.
 52796 | D:4      | Bought a potion of agility for 44 gold pieces
 53497 | Vaults:1 | Found Kuown's General Store.
 53508 | Vaults:1 | Bought a ration for 105 gold pieces
 53508 | Vaults:1 | Bought a scroll of fear for 73 gold pieces
 53508 | Vaults:1 | Bought a potion of mutation for 168 gold pieces
 53838 | Vaults:1 | Reached skill level 13 in Shields
 54762 | Vaults:2 | Reached XP level 21. HP: 141/141 MP: 21/21
 54825 | Vaults:2 | Got a transparent flail
 54827 | Vaults:2 | Identified the +4 flail "Hydrabane" {holy, rF+ MR- Str+2} (You found it on level 2 of the Vaults)
 55391 | Vaults:1 | Reached skill level 14 in Shields
 55426 | Vaults:1 | Found Bic Efa's Distillery.
 55441 | Vaults:1 | Bought a potion of might for 72 gold pieces
 55441 | Vaults:1 | Bought a potion of heal wounds for 90 gold pieces
 55441 | Vaults:1 | Bought a potion of might for 72 gold pieces
 55441 | Vaults:1 | Bought a potion of heal wounds for 90 gold pieces
 55441 | Vaults:1 | Bought a potion of agility for 72 gold pieces
 55441 | Vaults:1 | Bought a potion of might for 72 gold pieces
 55441 | Vaults:1 | Bought a potion of invisibility for 144 gold pieces
 55548 | Vaults:1 | You paid a toll of 7 potions of agility to enter a treasure trove
 55549 | Trove    | Entered a treasure trove
 55562 | Trove    | Got a fine ivory amulet
 55564 | Trove    | Identified the amulet of the Thirsty Places {Acrobat rPois} (You found it in a treasure trove)
 55571 | Trove    | Got a shimmering glass ring
 55572 | Trove    | Identified the ring "Pyijuxis" {rF+ rN+ MR- Str+5} (You found it in a treasure trove)
 55584 | Trove    | Got a scorched lapis lazuli ring
 55586 | Trove    | Identified the ring "Goipuon" {rCorr Str+4 Dex+2} (You found it in a treasure trove)
 55610 | Trove    | Got a translucent brass ring
 55611 | Trove    | Identified the ring of Lies {rC+ MR+ Dex+3} (You found it in a treasure trove)
 55615 | Trove    | Got a transparent marble ring
 55616 | Trove    | Identified the ring "Onwem" {rElec rPois Str+4 Int+2} (You found it in a treasure trove)
 55620 | Trove    | Got a transparent copper ring
 55621 | Trove    | Identified the ring "Xoux Neno" {+Fly Str+5 Dex+2} (You found it in a treasure trove)
 56131 | Vaults:2 | Found a staircase to the Crypt.
 58287 | Vaults:3 | Bought a ration for 60 gold pieces
 58287 | Vaults:3 | Bought a ration for 60 gold pieces
 58287 | Vaults:3 | Bought a ration for 60 gold pieces
 58287 | Vaults:3 | Bought a ration for 60 gold pieces
 58287 | Vaults:3 | Bought a ration for 60 gold pieces
 58287 | Vaults:3 | Bought a ration for 60 gold pieces
 58287 | Vaults:3 | Bought a ration for 60 gold pieces
 58287 | Vaults:3 | Bought a ration for 60 gold pieces
 58287 | Vaults:3 | Bought a ration for 60 gold pieces
 58287 | Vaults:3 | Bought a ration for 60 gold pieces
 58287 | Vaults:3 | Bought a ration for 60 gold pieces
 58441 | Vaults:3 | Reached skill level 15 in Shields
 58462 | Vaults:3 | Bought a ration for 60 gold pieces
 58673 | Vaults:3 | Found a large runed door.
 58673 | Vaults:3 | Found a large runed door.
 58673 | Vaults:3 | Found a large runed door.
 58673 | Vaults:3 | Found a large runed door.
 58673 | Vaults:3 | Found a large runed door.
 58673 | Vaults:3 | Found a large runed door.
 58673 | Vaults:3 | Noticed Vigato's ghost (adept MiFi)
 58675 | Vaults:3 | Found a large runed door.
 58861 | Vaults:3 | Found a large runed door.
 58926 | Vaults:3 | Killed Vigato's ghost
 59094 | Vaults:4 | Found Xetaill's Magic Scroll Shop.
 59622 | Vaults:4 | Reached XP level 22. HP: 148/148 MP: 22/22
 60653 | Vaults:4 | Found Zaabotal's Magic Scroll Boutique.
 60661 | Vaults:4 | Bought a scroll of brand weapon for 440 gold pieces
 61411 | Vaults:4 | Found Xetaill's Magic Scroll Shop.
 62031 | Vaults:4 | Found Zaabotal's Magic Scroll Boutique.
 62400 | Crypt:1  | Entered Level 1 of the Crypt
 62423 | Vaults:2 | Reached skill level 16 in Shields
 65016 | Crypt:2  | Reached skill level 17 in Shields
 65934 | Crypt:3  | Entered Level 3 of the Crypt
 65952 | Crypt:3  | Noticed Xtahua
 65972 | Crypt:2  | Killed Xtahua
 65972 | Crypt:2  | Reached XP level 23. HP: 116/156 MP: 23/23
 66156 | Crypt:3  | Found a staircase to the Tomb.
 66406 | Crypt:3  | Noticed Jory
 66672 | Crypt:3  | Killed Jory
 66813 | Crypt:3  | Noticed a curse toe
 66822 | Crypt:3  | Killed a curse toe
 67004 | Crypt:3  | Reached skill level 18 in Shields
 67111 | Crypt:3  | Noticed Mennas
 67169 | Crypt:3  | Killed Mennas
 67228 | Crypt:3  | Found a runed door.
 67233 | Crypt:3  | Noticed Rodef's ghost (veteran GrFi)
 67352 | Crypt:3  | Killed Rodef's ghost
 68445 | Depths:1 | Entered Level 1 of the Depths
 68831 | Depths:1 | Found a deep blue altar of Sif Muna.
 68850 | Depths:1 | Got a warped lead ring
 69052 | Depths:1 | Identified the ring of Dithmenos's Generosity {MR+ AC+2 Str+2 Int+3} (You took it off a deep elf mage on level 1 of the Depths)
 69071 | Depths:1 | Got a brightly glowing emerald amulet
 69073 | Depths:1 | Identified the amulet of Scepticism {RegenMP rElec rPois rN+ Int-2} (You took it off a deep elf demonologist on level 1 of the Depths)
 69180 | Depths:1 | Found a one-way gate leading to the halls of Pandemonium.
 69623 | Depths:1 | Found a one-way gate to the infinite horrors of the Abyss.
 69624 | Depths:1 | Found a gateway to Hell.
 69917 | Depths:2 | Reached XP level 24. HP: 163/163 MP: 23/23
 70098 | Depths:2 | Reached skill level 19 in Shields
 70416 | Depths:2 | Found a shattered altar of Ashenzari.
 71624 | Depths:3 | Got a smoking silver ring
 71625 | Depths:3 | Identified the ring "Layf" {Wiz rPois Str-3 Stlth+} (You found it on level 3 of the Depths)
 71692 | Depths:3 | Found a gateway to a ziggurat.
 72206 | Depths:2 | Bought a scroll of blinking for 157 gold pieces
 72206 | Depths:2 | Bought a scroll of blinking for 157 gold pieces
 72206 | Depths:2 | Bought 2 scrolls of blinking for 315 gold pieces
 72604 | Depths:3 | Reached skill level 20 in Shields
 73303 | Depths:4 | Reached XP level 25. HP: 170/170 MP: 23/23
 73710 | Depths:5 | Entered Level 5 of the Depths
 74669 | Depths:5 | Found a gate to the Realm of Zot.
 75010 | Depths:5 | Noticed a juggernaut
 75016 | Depths:5 | Killed a juggernaut
 75016 | Depths:5 | Reached skill level 21 in Shields
 76000 | Vaults:5 | Entered Level 5 of the Vaults
 76576 | Vaults:4 | Reached XP level 26. HP: 138/178 MP: 23/23
 77172 | Vaults:5 | Noticed Sojobo
 77183 | Vaults:5 | Killed Sojobo
 77194 | Vaults:5 | Reached skill level 22 in Shields
 77198 | Vaults:5 | Got a fine ruby amulet
 77592 | Vaults:5 | Got a sparkling steel ring
 77595 | Vaults:5 | Identified the ring of Siankuja {*Contam +Fly rPois rF+ SInv} (You took it off an ironbrand convoker on level 5 of the Vaults)
 77596 | Vaults:5 | Identified the amulet of Daisies {Faith rF+ Dex+2 Stlth+} (You took it off Sojobo on level 5 of the Vaults)
 78799 | Vaults:5 | Got a silver rune of Zot
 79612 | Vaults:5 | Got a slimy marble ring
 79614 | Vaults:5 | Identified the ring of Yditt {rF+ rC+ MR+ Stlth+} (You took it off a vault sentinel on level 5 of the Vaults)
 80527 | Zot:1    | Entered Level 1 of the Realm of Zot
 80771 | Zot:1    | Bought a scroll of silence for 165 gold pieces
 81001 | Zot:1    | Reached skill level 23 in Shields
 81025 | Zot:1    | Reached XP level 27. HP: 184/186 MP: 23/23
 81065 | Zot:1    | Noticed an orb of fire
 81067 | Zot:1    | Gained mutation: Your magical capacity is low. (-10% MP) [an orb of fire]
 81073 | Zot:1    | Gained mutation: Armour fits poorly on your strangely shaped body. [an orb of fire]
 81081 | Zot:1    | Gained mutation: You occasionally shout uncontrollably at your foes. [an orb of fire]
 81084 | Zot:1    | Killed an orb of fire
 81599 | Zot:1    | Upgraded the game from 0.23-a0-49-gd9f7a49668 to 0.23-a0-54-gae6112e33f
 82565 | Zot:1    | You fall through a shaft!
 82719 | Zot:1    | Identified the amulet of Acsa {Reflect rPois SH+2 Stlth+} (You found it on level 1 of the Realm of Zot)
 82821 | Zot:1    | Found Xyjoagg's General Store.
 84423 | Zot:2    | Identified the Guide on the Frigorific Volcanoes
 84680 | Zot:2    | Reached skill level 24 in Shields
 88680 | Zot:4    | Reached skill level 25 in Shields
 89914 | Zot:4    | Got a pair of faintly humming gloves
 89920 | Zot:4    | Identified the cursed -2 pair of gloves of Buqoeg {Int+2} (You found it on level 4 of the Realm of Zot)
 90050 | Zot:5    | Entered Level 5 of the Realm of Zot
 90398 | Zot:5    | Noticed an orb of fire
 90405 | Zot:5    | Noticed an orb of fire
 90408 | Zot:5    | Noticed an orb of fire
 90410 | Zot:5    | Noticed an orb of fire
 90421 | Zot:5    | Killed an orb of fire
 90426 | Zot:5    | Gained mutation: You are weak. (Str -2) [an orb of fire]
 90433 | Zot:5    | Gained mutation: Potions are less effective at restoring your health. [an orb of fire]
 90440 | Zot:5    | Gained mutation: Your mind is acute. (Int +2) [an orb of fire]
 90745 | Zot:4    | Lost mutation: You are weak. (Str -2) [potion of mutation]
 90745 | Zot:4    | Lost mutation: You occasionally shout uncontrollably at your foes. [potion of mutation]
 90745 | Zot:4    | Lost mutation: Your mind is acute. (Int +2) [potion of mutation]
 90745 | Zot:4    | Gained mutation: Your spells are a little harder to cast, but a little more powerful. [potion of mutation]
 90746 | Zot:4    | Lost mutation: Potions are less effective at restoring your health. [potion of mutation]
 90746 | Zot:4    | Lost mutation: Armour fits poorly on your strangely shaped body. [potion of mutation]
 90746 | Zot:4    | Lost mutation: Your magical capacity is low. (-10% MP) [potion of mutation]
 90746 | Zot:4    | Gained mutation: You do not regenerate when monsters are visible. [potion of mutation]
 90746 | Zot:4    | Gained mutation: You have a pair of small antennae on your head. [potion of mutation]
 90746 | Zot:4    | Gained mutation: You expend magic power (3 MP) to strengthen your wands. [potion of mutation]
 90747 | Zot:4    | Lost mutation: Your spells are a little harder to cast, but a little more powerful. [potion of mutation]
 90747 | Zot:4    | Lost mutation: You have a pair of small antennae on your head. [potion of mutation]
 90747 | Zot:4    | Gained mutation: You are frail. (-10% HP) [potion of mutation]
 90747 | Zot:4    | Gained mutation: Your mind is acute. (Int +2) [potion of mutation]
 90868 | Zot:4    | Gained mutation: Your spells are a little easier to cast, but a little less powerful. [an orb of fire]
 90871 | Zot:4    | Gained mutation: Your body sometimes deteriorates upon taking damage. [an orb of fire]
 90874 | Zot:4    | Gained mutation: You are clumsy. (Dex -2) [an orb of fire]
 90876 | Zot:4    | Killed an orb of fire
 91120 | Zot:4    | Gained mutation: You tend to lose your temper in combat. [an orb of fire]
 91133 | Zot:4    | Killed an orb of fire
 91269 | Zot:4    | Gained mutation: You are very clumsy. (Dex -4) [an orb of fire]
 91283 | Zot:4    | Killed an orb of fire
 91558 | Zot:5    | Noticed an ancient lich
 91565 | Zot:5    | Killed an ancient lich
 91860 | Zot:5    | Noticed an ancient lich
 91870 | Zot:5    | Killed an ancient lich
 91870 | Zot:5    | Reached skill level 26 in Shields
 92148 | Zot:5    | Noticed an ancient lich
 92152 | Zot:5    | Noticed an ancient lich
 92158 | Zot:5    | Killed an ancient lich
 92175 | Zot:5    | Killed an ancient lich
 94778 | Zot:5    | Lost mutation: Your mind is acute. (Int +2) [a Zot trap]
 95465 | Zot:5    | Got the Orb of Zot
 95513 | Zot:2    | Noticed Onlykawkemm the pandemonium lord
 95783 | D:14     | Noticed Uroa the pandemonium lord
 96020 | D:$      | Escaped with the Orb!

Vault maps used:
D:1:      evilmike_arrival_fibonacci_small
D:2:      nicolae_qazlal_general_emergency, kennysheep_generic_room_12
D:3:      nicolae_gozag_cash_rules_everything_around_me,
          chequers_ecumenical_altar_lobes, lexackson_kobold_supper
D:4:      minmay_temple_entry_grid, serial_shops, shop, minmay_door_square,
          minmay_goblin_kobold_house
D:5:      kennysheep_mini, first_ration, uniq_ijyb
D:6:      serial_shops, nicolae_shop_window_shopping
D:7:      minmay_overflow_temple_hex
D:8:      item_on_display_a, uniq_grum
D:9:      kennysheep_okawaru_gauntlet, minmay_orc_entry_guard_dogs,
          serial_shops, shop_statue
D:10:     minmay_the_grid_four_pointed_star, serial_shops, shop
D:11:     lair_entry_dummy, basic_altar, uniq_snorg, uniq_psyche, uniq_nergalle,
          uniq_fannar
D:12:     serial_shops, freezing_bzr, uniq_nessos
D:13:     serial_shops, shop_fountains, hangedman_ranch, nicolae_evil_shop
D:14:     grunt_vaults_entry_tiered, minmay_misc_feat_hallway, serial_shops,
          shop
D:15:     hangedman_depths_entry_civil_slaughter, serial_shops,
          nicolae_shop_stone, minmay_diamond_spiral
Lair:1:   minmay_lair_oklob_chamber, grunt_megastairs_5
Lair:2:   beast_lair_carwin_large_4, worms_lemuel
Lair:3:   swamp_mist, basic_altar, serial_bayou_lagoon_a
Lair:4:   spider_nest_entry_funnel_web, portal_ice_cave_demonic_guard
Lair:5:   basic_altar
Lair:6:   evilmike_catoblepas_cave, slime_altar_1, infiniplex_staircase_pool_2,
          uniq_urug
Swamp:1:  gammafunk_its_a_trap, evilmike_swamp_ruin_house_3, uniq_louise
Swamp:2:  hangedman_swamp_pad, swamp_pool3
Swamp:3:  evilmike_swamp_ruin_house_5, nicolae_swamp_feature_on_the_river_bank,
          infiniplex_staircase_pool
Swamp:4:  swamp_old_school
Spider:2: gammafunk_ghost_grave
Spider:4: spider_rune_water, nicolae_spider_cling_ruins, uniq_asterion
Orc:1:    uniq_maurice
Orc:2:    grunt_orc_cross, serial_shops, bzr_entry_lakeside,
          gammafunk_ghost_fury_of_okawaru
Elf:1:    minmay_elf_arrival_circle, hangedman_elven_crosses_minicolossus,
          nicolae_rare_books
Elf:3:    elf_hall, basic_altar, guppyfry_elf_altar
Vaults:1: nicolae_vaults_ninety_degrees, vaults_mumra_chevron_long,
          nicolae_vaults_fighting_squares, v_misc_5, v_rooms_1,
          vaults_mumra_hex, vaults_dpeg_spiral, v_pattern_2,
          dpeg_vaults_monster_row, nicolae_vaults_diagonal_hallway_6,
          ontoclasm_vaults_shuriken, nicolae_vaults_little_squares_3,
          serial_shops, shop, nicolae_shop_waterfront, shop, enter_trove_5
Vaults:2: v_misc_5, minmay_crypt_entry_simple_plaza, st_more_cells,
          ontoclasm_vaults_chip, nicolae_vaults_what_the_h,
          hangedman_vaults_trim, ontoclasm_vaults_claustrophobia,
          hangedman_vaults_cutoff, v_alt_pattern_3,
          nicolae_vaults_network_square, nicolae_vaults_little_squares_3
Vaults:3: advil_vaults_ghost_lines, vaults_room_glass_cross,
          nicolae_vaults_little_ls, ontoclasm_vaults_idyll,
          ontoclasm_vaults_gateway, v_rooms_5, ontoclasm_vaults_loading_screen,
          vaults_room_semicircle
Vaults:4: v_misc_29, nicolae_vaults_network_quincunx,
          nicolae_vaults_network_quinsquares, vaults_room_door_ring,
          v_pattern_4, vaults_room_grunt_arrival_ludios, grunt_vaults_twisty,
          grunt_vaults_hallway_long, ontoclasm_vaults_decontamination,
          nicolae_vaults_bisected_slash, serial_shops, shop_scrolls, shop
Vaults:5: serial_shops, uniq_sojobo
Crypt:1:  mu_enter_wizlab_7
Crypt:2:  st_burial_chamber, grunt_megastairs_2
Crypt:3:  david_glass_crypt, nicolae_tomb_entry_unfolded_pyramid_orthogonal,
          ebering_ghost_inner_flame, uniq_mennas, uniq_jory, uniq_xtahua
Depths:1: pan_entry, abyss_entry_crystal, nrook_mini_vaults, hell_entry,
          serial_bayou_pond_c, spider_trap, hangedman_summoners_spam,
          serial_bayou_shore_b
Depths:2: kennysheep_ogre_elephant_herders, kennysheep_nondescript, hell_entry,
          nicolae_ashenzari_panopticon
Depths:3: hangedman_cross_veins, enter_ziggurat_d, grunt_hell_entry_dis_grunt,
          pan_entry, minmay_room_of_horrors, minmay_misc_feat_nine_boxes
Depths:4: minmay_ambush_box, pf_coc_iceberg, minmay_misc_feat_four_crosses,
          abyss_entry, hangedman_decor_diamond_cutter, kennysheep_cross_room,
          serial_bayou_shore_b
Depths:5: evilmike_zot_entry_argh, marbit_kobold_abyss_entry,
          hangedman_decor_peaks_small, pf_dread_powers_of_hell
Zot:1:    hangedman_zot_vaults_quadrants, guppyfry_library_mini
Zot:4:    minmay_elemental_castle, hangedman_snake_sidewinding
Bazaar:   bazaar_kb_twisted_cavern
Trove:    trove_jewellery_lava
IceCv:    ice_cave_caverns_01

Skill      XL: |  1  2  3  4  5  6  7  8  9 10 11 12 13 14 15 16 17 18 19 20 21 22 23 24 25 26 27 |
---------------+----------------------------------------------------------------------------------+-----
Maces & Flails | 3 4 5 6 8 9 11 12 13 14 16 17 18 19 20 21 22 23 24 25 | 25.7
Armour         | 4 5 7 8 9 10 11 12 13 14 15 16 17 18 19 20 21 22 24 | 24.4
Fighting       | 4 5 6 8 9 10 11 12 13 14 15 16 17 18 19 20 21 22 25 | 25.7
Dodging        | 2 4 5 6 8 9 10 | 10.3
Shields        | 7 11 13 15 17 18 20 21 23 26 | 26.7

Action                   |  1- 3 |  4- 6 |  7- 9 | 10-12 | 13-15 | 16-18 | 19-21 | 22-24 | 25-27 || total
-------------------------+-------+-------+-------+-------+-------+-------+-------+-------+-------++-------
Melee: Flail             |   166 |   346 |       |   455 |  1411 |   155 |     3 |   548 |       ||  3084
       Dire flail        |       |    42 |   446 |   301 |    59 |       |       |       |       ||   848
       Whip              |       |       |       |       |       |  1552 |   326 |       |       ||  1878
       Eveningstar       |       |       |       |       |       |   353 |  1498 |  1568 |  2440 ||  5859
       Mace              |       |       |       |       |       |       |   135 |       |       ||   135
Invok: Potion Petition   |       |     1 |       |       |       |     3 |       |     5 |     1 ||    10
       Call Merchant     |       |       |       |       |       |     3 |     2 |     1 |     3 ||     9
 Abil: Stop Flying       |       |       |       |       |       |     2 |     1 |       |     3 ||     6
       Fly               |       |       |       |       |       |     1 |     1 |       |     3 ||     5
Evoke: Wand              |       |       |       |    15 |    15 |    51 |     7 |     9 |    36 ||   133
       Phial of floods   |       |       |       |     1 |     1 |     2 |     2 |       |       ||     6
       Phantom mirror    |       |       |       |       |     1 |     1 |       |       |     2 ||     4
       Lamp of fire      |       |       |       |       |       |       |       |     1 |     2 ||     3
  Use: Potion            |       |     1 |     2 |     3 |     7 |    22 |     5 |     6 |    22 ||    68
       Scroll            |       |       |    11 |     6 |    21 |    32 |    25 |    19 |    30 ||   144
 Stab: Distracted        |       |       |     1 |     1 |     8 |    14 |     9 |     4 |    13 ||    50
       Paralysed         |       |       |       |    13 |       |       |       |       |       ||    13
       Confused          |       |       |       |       |       |       |       |       |     3 ||     3
  Eat: Chunk             |     1 |     4 |       |       |       |       |       |     1 |       ||     6
       Ration            |       |     2 |     3 |     7 |    12 |    16 |    16 |    13 |    25 ||    94
Armor: Scale mail        |    81 |   235 |   272 |       |       |       |       |       |       ||   588
       Plate armour      |       |       |    39 |   464 |   366 |   620 |   779 |   705 |   868 ||  3841
       Skin              |       |       |       |    14 |     4 |       |       |       |       ||    18
       Chain mail        |       |       |       |       |   173 |   218 |       |       |       ||   391
Dodge: Dodged            |    51 |   158 |   238 |   201 |   518 |   596 |   445 |   674 |   496 ||  3377
Block: Shield            |    98 |   204 |       |   145 |   198 |   608 |       |       |       ||  1253
       Reflection        |       |       |       |       |       |    17 |       |       |       ||    17
       Large shield      |       |       |       |       |       |   172 |  1753 |  2250 |  2359 ||  6534

Table legend:
 A = Spawn XP
 B = Non-spawn XP
 C = Spawn XP percentage of total XP
 D = Spawn monster count
 E = Non-spawn monster count
 F = Spawn count percentage of total count
 G = Total turns spent on level
                    A         B        C        D         E        F      G
               +---------+---------+-------+---------+---------+-------+---------
         Total |       0 | 1772712 |   0.0 |       0 |    2493 |   0.0 | 96020
               +---------+---------+-------+---------+---------+-------+---------
           D:1 |       0 |      63 |   0.0 |       0 |      31 |   0.0 |   966
           D:2 |       0 |     108 |   0.0 |       0 |      29 |   0.0 |   801
           D:3 |       0 |      83 |   0.0 |       0 |      40 |   0.0 |  1022
           D:4 |       0 |     356 |   0.0 |       0 |      28 |   0.0 |  1108
           D:5 |       0 |     743 |   0.0 |       0 |      29 |   0.0 |   745
           D:6 |       0 |    1342 |   0.0 |       0 |      32 |   0.0 |  1309
           D:7 |       0 |    1010 |   0.0 |       0 |      18 |   0.0 |  1280
           D:8 |       0 |    1967 |   0.0 |       0 |      23 |   0.0 |  1483
           D:9 |       0 |    3236 |   0.0 |       0 |      24 |   0.0 |  1627
          D:10 |       0 |    2058 |   0.0 |       0 |      29 |   0.0 |   898
          D:11 |       0 |   10145 |   0.0 |       0 |      37 |   0.0 |  1604
          D:12 |       0 |    5247 |   0.0 |       0 |      25 |   0.0 |  1584
          D:13 |       0 |    6518 |   0.0 |       0 |      39 |   0.0 |  1384
          D:14 |       0 |   18531 |   0.0 |       0 |      62 |   0.0 |  2135
          D:15 |       0 |   15752 |   0.0 |       0 |      40 |   0.0 |  1242
        Lair:1 |       0 |    3293 |   0.0 |       0 |      16 |   0.0 |  1419
        Lair:2 |       0 |   12107 |   0.0 |       0 |      44 |   0.0 |  1887
        Lair:3 |       0 |    3313 |   0.0 |       0 |      16 |   0.0 |  1259
        Lair:4 |       0 |    4015 |   0.0 |       0 |      16 |   0.0 |  1084
        Lair:5 |       0 |    7133 |   0.0 |       0 |      14 |   0.0 |   888
        Lair:6 |       0 |   24738 |   0.0 |       0 |      58 |   0.0 |  1917
       Swamp:1 |       0 |   10399 |   0.0 |       0 |      27 |   0.0 |  1484
       Swamp:2 |       0 |   17620 |   0.0 |       0 |      48 |   0.0 |  1681
       Swamp:3 |       0 |   11837 |   0.0 |       0 |      26 |   0.0 |  1095
       Swamp:4 |       0 |   12239 |   0.0 |       0 |      33 |   0.0 |   622
      Spider:1 |       0 |   18538 |   0.0 |       0 |      56 |   0.0 |  1845
      Spider:2 |       0 |   19377 |   0.0 |       0 |      50 |   0.0 |  1606
      Spider:3 |       0 |   14625 |   0.0 |       0 |      44 |   0.0 |  1190
      Spider:4 |       0 |   39033 |   0.0 |       0 |      71 |   0.0 |  1614
         Orc:1 |       0 |    6611 |   0.0 |       0 |      36 |   0.0 |  1286
         Orc:2 |       0 |   16013 |   0.0 |       0 |      57 |   0.0 |  2036
         Elf:1 |       0 |   20958 |   0.0 |       0 |      36 |   0.0 |  1560
         Elf:2 |       0 |   36493 |   0.0 |       0 |      41 |   0.0 |  4677
         Elf:3 |       0 |   62808 |   0.0 |       0 |      65 |   0.0 |  3028
      Vaults:1 |       0 |   75581 |   0.0 |       0 |     119 |   0.0 |  3341
      Vaults:2 |       0 |   41260 |   0.0 |       0 |      72 |   0.0 |  2461
      Vaults:3 |       0 |   43058 |   0.0 |       0 |      55 |   0.0 |  2229
      Vaults:4 |       0 |   79128 |   0.0 |       0 |     105 |   0.0 |  3726
      Vaults:5 |       0 |  147065 |   0.0 |       0 |     124 |   0.0 |  3396
       Crypt:1 |       0 |   47607 |   0.0 |       0 |      71 |   0.0 |  1642
       Crypt:2 |       0 |   33335 |   0.0 |       0 |      44 |   0.0 |  1502
       Crypt:3 |       0 |   87511 |   0.0 |       0 |      89 |   0.0 |  2163
      Depths:1 |       0 |   34855 |   0.0 |       0 |      53 |   0.0 |  1527
      Depths:2 |       0 |   38018 |   0.0 |       0 |      47 |   0.0 |  1737
      Depths:3 |       0 |   84166 |   0.0 |       0 |      91 |   0.0 |  1633
      Depths:4 |       0 |   18293 |   0.0 |       0 |      15 |   0.0 |   890
      Depths:5 |       0 |   88649 |   0.0 |       0 |      63 |   0.0 |  1929
         Zot:1 |       0 |   95774 |   0.0 |       0 |      57 |   0.0 |  3025
         Zot:2 |       0 |   55340 |   0.0 |       0 |      37 |   0.0 |  1489
         Zot:3 |       0 |   53363 |   0.0 |       0 |      29 |   0.0 |  2016
         Zot:4 |       0 |  162648 |   0.0 |       0 |      72 |   0.0 |  3919
         Zot:5 |       0 |  165696 |   0.0 |       0 |      58 |   0.0 |  4475
         IceCv |       0 |   13056 |   0.0 |       0 |      52 |   0.0 |  1313
               +---------+---------+-------+---------+---------+-------+---------
